 Dungeon Crawl Stone Soup version 0.20.1-1-g8b1a95d (webtiles) character file.

5488 Gargoyl the Protected (level 10, -2/96 HPs)
             Began as a Minotaur Abyssal Knight on Sept 28, 2017.
             Was a Priest of Lugonu.
             Slain by a blink frog (8 damage)
             ... on level 1 of the Lair of Beasts.
             The game lasted 00:19:11 (11250 turns).

Gargoyl the Protected (Minotaur Abyssal Knight)    Turns: 11250, Time: 00:19:12

Health: -2/96      AC: 13    Str: 18    XL:     10   Next: 42%
Magic:  13/13      EV:  8    Int:  9    God:    Lugonu [***...]
Gold:   485        SH:  6    Dex: 10    Spells: 9/9 levels left

rFire    . . .     SeeInvis .   d - +1 broad axe
rCold    . . .     Gourm    .   r - +2 buckler
rNeg     . . .     Faith    .   g - +1 chain mail
rPois    +         Spirit   .   (helmet restricted)
rElec    .         Reflect  .   (no cloak)
rCorr    .         Harm     .   (no gloves)
MR       .....                  x - +2 pair of boots
Stlth    ..........             (no amulet)
Regen    0.0/turn               v - ring of poison resistance
MPRegen  0.2/turn               (no ring)

@: no status effects
A: retaliatory headbutt, horns 2, clumsy 1, deformed body, robust 1, shaggy fur
1, inhibited regeneration, MP-powered wands
a: Depart the Abyss, Bend Space, Banish, Renounce Religion


You were on level 1 of the Lair of Beasts.
You worshipped Lugonu.
Lugonu was most pleased with you.
You were hungry.

You visited 2 branches of the dungeon, and saw 9 of its levels.
You visited the Abyss 1 time.

You collected 485 gold pieces.

Inventory:

Hand Weapons
 d - a +1 broad axe (weapon)
 n - a +0 war axe
Missiles
 u - 8 tomahawks (quivered)
Armour
 g - a +1 chain mail (worn)
 r - a +2 buckler (worn)
 x - a +2 pair of boots (worn)
Jewellery
 v - a ring of poison resistance (left hand)
Wands
 m - a wand of iceblast (9/15)
 o - a wand of lightning (2/15)
 s - a wand of paralysis (13/24)
 t - a wand of digging (13/24)
Scrolls
 a - a scroll of remove curse
 h - a scroll of identify
 i - a scroll of amnesia
 k - 2 scrolls of recharging
 l - 3 scrolls of teleportation
 p - a scroll of enchant armour
 q - 2 scrolls of blinking
Potions
 b - a potion of haste
Comestibles
 c - a bread ration
 f - 7 meat rations
 j - 14 fruits
 w - 2 chunks of flesh


   Skills:
 + Level 7.7 Fighting
 + Level 10.6 Axes
 + Level 0.4 Throwing
 * Level 11.1 Armour
 + Level 3.1 Dodging
 + Level 2.3 Shields
 * Level 6.3 Invocations


You had 9 spell levels left.
You didn't know any spells.

Dungeon Overview and Level Annotations

Branches:
Dungeon (8/15)             Temple (0/1) D:5            Lair (1/6) D:8

Altars:
Ashenzari
Kikubaaqudgha
Nemelex Xobeh
Qazlal
Ru
Vehumet
Zin


Innate Abilities, Weirdness & Mutations

You reflexively headbutt those who attack you in melee.
You have a pair of horns on your head.
You are clumsy. (Dex -2)
Armour fits poorly on your strangely shaped body.
You are robust. (+10% HP)
You are covered in fur. (AC +1)
You do not regenerate when monsters are visible.
You expend magic power (3 MP) to strengthen your wands.


Message History

* * * LOW HITPOINT WARNING * * *
Unknown command.
You closely miss the blink frog. Your headbutt misses the blink frog.
The blink frog is moderately wounded.
Your chain mail prevents you from hitting the blink frog.
You block the blink frog's attack.
The blink frog blinks!
The blink frog hits you but does no damage.
You block the blink frog's attack.
The blink frog blinks!
Unknown command.
You miss the blink frog. You headbutt the blink frog.
The blink frog is moderately wounded.
You closely miss the blink frog.
The blink frog hits you but does no damage. x2
Unknown command.
Okay, then.
As you read the scroll labeled MIONOT CUTHO, it crumbles to dust.
The creatures around you are filled with an inner flame!
It was a scroll of immolation.
You block the blink frog's attack. The blink frog hits you!
You die...

......... .. #######
....F.#+#.# #
##.....####..........
#.#.......##.....#.....
#.........#.....#.....
#..........#...........
#....<....##...........
#.........##....##...##
#.........##...@.......
##.......###...FF......
##.....## #(..........
####.## #............
##. #.............
................
...............
+###....##.##.#


You could see 3 blink frogs.

Vanquished Creatures
  Pikel (D:7)
  Grinder (D:5)
  Sigmund (D:4)
  Eustachio (D:5)
  A hungry ghost (D:8)
  3 water moccasins (D:8)
  Duvessa (D:7)
  A porcupine (D:8)
  4 slaves (D:7)
  2 ice beasts
  2 sky beasts
  4 phantoms
  An ogre (D:8)
  A necrophage (D:6)
  The ghost of Teleutos the Shield-Bearer, an amateur HuFi (D:3)
  3 centaurs
  A crocodile (D:8)
  A bullfrog (D:8)
  Dowan (D:7)
  A scorpion (D:8)
  10 killer bees
  4 crimson imps
  A centaur zombie (D:8)
  A quasit (D:8)
  6 jellies
  4 hounds
  11 orc wizards
  3 centaur skeletons
  5 orc priests
  A bullfrog skeleton (D:7)
  Ijyb (D:4)
  Jessica (D:3)
  An iguana (D:7)
  2 worker ants
  A howler monkey zombie (D:8)
  A worker ant zombie (D:8)
  Robin (D:4)
  A howler monkey skeleton (D:7)
  7 gnolls (D:6)
  10 adders
  2 shadow imps
  3 oozes
  2 adder zombies
  2 worms (D:2)
  2 dart slugs (D:2)
  7 leopard geckos
  32 orcs
  3 giant cockroaches
  15 goblins
  6 hobgoblins
  7 jackals
  6 kobolds
  3 quokkas
  4 ball pythons
  9 bats
  7 frilled lizards
  A leopard gecko zombie (D:8)
  A quokka skeleton (D:6)
  A quokka zombie (D:6)
  3 rats (D:2)
220 creatures vanquished.

Vanquished Creatures (others)
  A komodo dragon (D:8)
  3 orc warriors (D:8)
4 creatures vanquished.

Grand Total: 224 creatures vanquished

Notes
Turn   | Place    | Note
-------+----------+-------------------------------------------
     0 | Abyss:1  | Gargoyl the Minotaur Abyssal Knight began the quest for the Orb.
     0 | Abyss:1  | Reached XP level 1. HP: 19/19 MP: 1/1
     0 | Abyss:1  | Found a corrupted altar of Lugonu.
     6 | Abyss:1  | Found a sacrificial altar of Ru.
   126 | Abyss:2  | Noticed a sun demon
   126 | D:1      | Escaped the Abyss
   195 | D:1      | Reached * piety under Lugonu
   241 | D:1      | Reached XP level 2. HP: 27/27 MP: 2/2
   783 | D:2      | Reached XP level 3. HP: 25/33 MP: 3/3
  1239 | D:2      | Reached skill level 3 in Armour
  1404 | D:2      | Reached XP level 4. HP: 40/41 MP: 4/4
  1630 | D:2      | You fall through a shaft for 2 floors!
  1690 | D:4      | Noticed Ijyb
  1700 | D:4      | Killed Ijyb
  1757 | D:4      | Noticed Sigmund
  1762 | D:4      | Noticed Grinder
  1835 | D:3      | Noticed Teleutos's ghost (amateur HuFi)
  1842 | D:3      | Killed Teleutos's ghost
  1842 | D:3      | Reached skill level 4 in Armour
  1842 | D:3      | Reached XP level 5. HP: 35/47 MP: 4/6
  2165 | D:3      | Noticed Jessica
  2172 | D:3      | Killed Jessica
  2315 | D:3      | Reached ** piety under Lugonu
  2975 | D:4      | Reached XP level 6. HP: 48/55 MP: 7/7
  2981 | D:4      | Noticed Robin
  3001 | D:4      | Killed Robin
  3161 | D:5      | Entered Level 5 of the Dungeon
  3285 | D:4      | Paralysed by Grinder for 4 turns
  3513 | D:4      | Reached skill level 5 in Fighting
  3513 | D:4      | Reached skill level 5 in Armour
  3700 | D:4      | Paralysed by Grinder for 6 turns
  3728 | D:5      | Killed Grinder
  3728 | D:5      | Reached skill level 5 in Axes
  3728 | D:5      | Reached XP level 7. HP: 15/61 MP: 8/8
  3732 | D:5      | Noticed Eustachio
  3962 | D:4      | Killed Sigmund
  3962 | D:4      | Reached skill level 6 in Armour
  4033 | D:5      | Gained mutation: You are clumsy. (Dex -2) [mutagenic meat]
  4034 | D:5      | Gained mutation: You expend magic power (3 MP) to strengthen your wands. [mutagenic meat]
  4035 | D:5      | Gained mutation: You are covered in fur. (AC +1) [mutagenic meat]
  4075 | D:5      | Killed Eustachio
  4075 | D:5      | Reached XP level 8. HP: 42/70 MP: 10/10
  4278 | D:5      | Reached skill level 7 in Armour
  4736 | D:5      | Reached *** piety under Lugonu
  4775 | D:5      | Found a staircase to the Ecumenical Temple.
  5506 | D:6      | Reached skill level 8 in Armour
  6506 | D:6      | Reached XP level 9. HP: 77/77 MP: 11/11
  6562 | D:7      | Reached skill level 5 in Invocations
  6653 | D:7      | Gained mutation: You do not regenerate when monsters are visible. [mutagenic meat]
  6654 | D:7      | Gained mutation: You are robust. (+10% HP) [mutagenic meat]
  6655 | D:7      | Gained mutation: Armour fits poorly on your strangely shaped body. [mutagenic meat]
  6656 | D:7      | Gained mutation: You can translocate small distances at will. [mutagenic meat]
  6657 | D:7      | Lost mutation: You can translocate small distances at will. [mutagenic meat]
  6739 | D:7      | Reached **** piety under Lugonu
  6968 | D:7      | Reached skill level 9 in Armour
  7049 | D:7      | Noticed Duvessa
  7372 | D:8      | Found a shattered altar of Ashenzari.
  7495 | D:7      | Killed Duvessa
  7541 | D:7      | Noticed Dowan
  7560 | D:7      | Killed Dowan
  7747 | D:7      | Noticed Pikel
  7760 | D:7      | Killed Pikel
  7760 | D:7      | Reached skill level 10 in Armour
  7771 | D:7      | Found a sparkling altar of Nemelex Xobeh.
  7773 | D:7      | Found a glowing silver altar of Zin.
  7773 | D:7      | Found a radiant altar of Vehumet.
  7784 | D:7      | Found a stormy altar of Qazlal.
  7938 | D:7      | Reached skill level 1 in Shields
  8255 | D:7      | Found an ancient bone altar of Kikubaaqudgha.
  8586 | D:8      | Reached skill level 10 in Axes
  8600 | D:8      | HP: 1/86 [orc warrior/hand axe (6)]
  8921 | D:8      | Found a staircase to the Lair.
  8956 | D:8      | Reached XP level 10. HP: 77/94 MP: 13/13
  9158 | D:8      | Found a sacrificial altar of Ru.
  9839 | Lair:1   | Entered Level 1 of the Lair of Beasts
  9839 | Lair:1   | Noticed a spiny frog
 10300 | D:8      | Reached skill level 11 in Armour
 11250 | Lair:1   | Slain by a blink frog

Skill      XL: |  1  2  3  4  5  6  7  8  9 10 |
---------------+-------------------------------+-----
Fighting       | 4 5 6 7 |  7.7
Invocations    | 2 3 4 5 6 |  6.3
Armour         | 3 4 5 6 8 10 11 | 11.1
Axes           | 3 4 5 6 8 10 | 10.6
Dodging        | 2 3 |  3.1
Shields        | 1 2 |  2.3
Throwing       | |  0.4

Action                   |  1- 3 |  4- 6 |  7- 9 | 10-12 || total
-------------------------+-------+-------+-------+-------++-------
Melee: Broad axe         |    85 |   109 |   390 |   145 ||   729
       Headbutt          |     6 |    23 |    55 |    28 ||   112
Throw: Tomahawk          |       |       |       |     8 ||     8
Invok: Depart the Abyss  |     1 |       |       |       ||     1
       Banish            |       |       |     3 |     3 ||     6
       Bend Space        |       |       |       |     1 ||     1
Evoke: Wand              |       |     1 |     1 |       ||     2
  Use: Potion            |     1 |     3 |     5 |     1 ||    10
       Scroll            |     2 |     7 |     7 |     4 ||    20
  Eat: Chunk             |     1 |     8 |    26 |     2 ||    37
       Bread ration      |       |       |     1 |     2 ||     3
Armor: Leather armour    |     5 |       |       |       ||     5
       Chain mail        |    57 |    87 |   280 |   128 ||   552
       Skin              |       |     1 |       |       ||     1
Dodge: Dodged            |    59 |    58 |   208 |   102 ||   427
Block: Buckler           |       |       |    34 |    67 ||   101
